 Dungeon Crawl Stone Soup version 0.20.1-1-g8b1a95d (webtiles) character file.

66 vineage the Digger (level 4, -2/24 HPs)
             Began as a Gargoyle Earth Elementalist on Oct 27, 2017.
             Slain by a quokka (3 damage)
             ... on level 2 of the Dungeon.
             The game lasted 00:03:15 (1325 turns).

vineage the Digger (Gargoyle Earth Elementalist)    Turns: 1325, Time: 00:03:16

Health: -2/24      AC:  5    Str: 11    XL:     4   Next: 15%
Magic:  0/8        EV: 12    Int: 17    God:
Gold:   45         SH:  0    Dex: 10    Spells: 7/8 levels left

rFire    . . .     SeeInvis .   g - +0 whip
rCold    . . .     Gourm    .   (no shield)
rNeg     + . .     Faith    .   c - +0 robe
rPois    ∞         Spirit   .   (no helmet)
rElec    +         Reflect  .   (no cloak)
rCorr    .         Harm     .   (no gloves)
MR       .....                  (no boots)
Stlth    ++........             (no amulet)
Regen    0.1/turn               (no ring)
MPRegen  0.2/turn               (no ring)

@: no status effects
A: negative energy resistance 1, electricity resistance, unbreathing,
petrification resistance, rot immunity, AC +3
a: no special abilities


You were on level 2 of the Dungeon.
You were not hungry.

You visited 1 branch of the dungeon, and saw 2 of its levels.

You collected 45 gold pieces.

Inventory:

Hand Weapons
 g - a +0 whip (weapon)
Missiles
 b - 54 stones (quivered)
Armour
 c - a +0 robe (worn)
Jewellery
 a - a cursed ring of loudness {unknown}
Scrolls
 j - a scroll of enchant weapon {unknown}
 k - a scroll of amnesia {unknown}
Potions
 h - a potion of curing {unknown}
 i - a potion of ambrosia {unknown}
Books
 e - a book of Geomancy

   Spells                             Type                      Level
   a - Sandblast                      Earth                        1
   b - Passwall                       Transmutation/Earth          2
   c - Stone Arrow                    Conjuration/Earth            3
   d - Petrify                        Transmutation/Earth          4
   e - Lee's Rapid Deconstruction     Earth                        5
Comestibles
 d - a bread ration
 f - 2 meat rations


   Skills:
 + Level 1.3 Maces & Flails
 - Level 1.5 Dodging
 + Level 2.4 Stealth
 + Level 2.7 Spellcasting
   Level 0.7 Transmutations
 + Level 4.7 Earth Magic


You had 7 spell levels left.
You knew the following spells:

 Your Spells              Type           Power        Failure   Level  Hunger
a - Sandblast             Erth           ###...       2%          1    #......


Dungeon Overview and Level Annotations

Branches:
Dungeon (2/15)

Altars:


Innate Abilities, Weirdness & Mutations

You are resistant to torment.
Your stone body is resilient. (AC +3)
You are immune to poison.
You resist negative energy. (rN+)
You are resistant to electric shocks. (rElec)
You can survive without breathing.
You are immune to petrification.
You are immune to rotting.


Message History

Confirm with . or Enter, or press ? or * to list all spells.
You don't have enough magic to cast that spell.
Unknown command.
You are too injured to fight recklessly!
You are too injured to fight recklessly!
You are too injured to fight recklessly!
You barely miss the quokka. The quokka bites you.
* * * LOW HITPOINT WARNING * * *
You barely miss the quokka. The quokka completely misses you.
The quokka bites you but does no damage.
You hit the quokka but do no damage.
The quokka bites you but does no damage.
You closely miss the quokka. The quokka bites you.
* * * LOW HITPOINT WARNING * * *
You hit the quokka.
The quokka is almost dead.
The quokka bites you.
* * * LOW HITPOINT WARNING * * *
The quokka bites you.
You die...

####.## #.# ......#
#.### ......# #.#..
.....# #.#.# .##...#
#.#b# ......# #.#.#
.##..r####.#.###########
.....!.$....>.)r@.......
......##.#.##.##########
#.#..!r#.#.#...........
!#.....#.#.#.#.########
#.#...?#.#.#.#..#
#)#...##.#.#.##)# .
........... #.##
.#.#.##.#.####..#######
..b...# #..............


You could see a quokka.

Vanquished Creatures
  An adder (D:2)
  2 dart slugs (D:1)
  3 leopard geckos
  2 giant cockroaches
  9 goblins
  4 hobgoblins
  4 jackals (D:1)
  A ball python (D:1)
  6 bats
  5 frilled lizards
  6 kobolds (D:1)
  4 rats (D:1)
47 creatures vanquished.

Notes
Turn   | Place    | Note
-------+----------+-------------------------------------------
     0 | D:1      | vineage the Gargoyle Earth Elementalist began the quest for the Orb.
     0 | D:1      | Reached XP level 1. HP: 10/10 MP: 3/3
    70 | D:1      | Reached skill level 4 in Earth Magic
   322 | D:1      | Reached XP level 2. HP: 15/15 MP: 3/5
   449 | D:1      | Reached XP level 3. HP: 18/19 MP: 0/6
  1310 | D:2      | Reached skill level 1 in Maces & Flails
  1315 | D:2      | Reached XP level 4. HP: 8/24 MP: 1/8
  1325 | D:2      | HP: 1/24 [quokka (2)]
  1325 | D:2      | Slain by a quokka

Skill      XL: |  1  2  3 |
---------------+----------+-----
Earth Magic    | 4 |  4.7
Maces & Flails | 1 |  1.3
Dodging        | |  1.5
Stealth        | |  2.4
Spellcasting   | |  2.7
Transmutations | |  0.7

Action                   |  1- 3 |  4- 6 || total
-------------------------+-------+-------++-------
Melee: Unarmed           |    15 |       ||    15
       Whip              |    77 |     8 ||    85
 Cast: Sandblast         |    33 |     3 ||    36
  Use: Potion            |     1 |       ||     1
 Stab: Sleeping          |     4 |       ||     4
  Eat: Chunk             |     2 |       ||     2
Armor: Robe              |    61 |     6 ||    67
Dodge: Dodged            |   111 |     2 ||   113
